 Dungeon Crawl Stone Soup version 0.26-a0-651-gb41185065b (webtiles) character file.

Game seed: 144332602717842938

210071 Flugslaktarn the Tortoise (level 17, -2/170 HPs)
             Began as a Deep Dwarf Fighter on Oct 8, 2020.
             Was the Champion of Makhleb.
             Killed from afar by a nagaraja (4 damage)
             ... with a lance of force
             ... on level 4 of the Snake Pit.
             The game lasted 00:14:58 (15234 turns).

Flugslaktarn the Tortoise (Deep Dwarf Fighter)     Turns: 15234, Time: 00:14:58

Health: -2/170     AC: 29    Str: 21    XL:     17   Next: 70%
Magic:  12/12      EV: 15    Int: 12    God:    Makhleb [******]
Gold:   1135       SH: 12    Dex: 15    Spells: 16/16 levels left

rFire    + . .     SeeInvis .   s - +11 war axe of Articulation {drain, *Drain rF+ rC+ MR+}
rCold    + . .     Faith    .   G - +0 kite shield
rNeg     + . .     Spirit   .   R - +4 storm dragon scales {Bai Suzhen}
rPois    .         Reflect  .   (no helmet)
rElec    +         Harm     .   J - +2 cloak
rCorr    .         Rampage  .   y - +2 pair of gloves
MR       +++..                  (no boots)
Stlth    ..........             (no amulet)
HPRegen  0.00/turn              v - +4 ring of evasion
MPRegen  0.13/turn              j - +4 ring of slaying

@: lethally poisoned (-2 -> -41), non-regenerating, constricted
A: damage resistance, heal wounds, negative energy resistance 1, sense
surroundings 2, no regeneration
}: 2/15 runes: barnacled, abyssal
a: Heal Wounds, Minor Destruction, Lesser Servant of Makhleb, Major Destruction,
Greater Servant of Makhleb, Renounce Religion


You were on level 4 of the Snake Pit.
You worshipped Makhleb.
Makhleb was exalted by your worship.
You visited 6 branches of the dungeon, and saw 28 of its levels.
You visited the Abyss 2 times.
You also visited: Gauntlet.

You collected 1747 gold pieces.
You spent 612 gold pieces at shops.

Inventory:

Hand Weapons
 s - the +11 war axe of Articulation (weapon) {drain, *Drain rF+ rC+ MR+}
   (You found it on level 9 of the Dungeon)

   A truly terrible weapon, it drains the life of those it strikes.
   It protects you from fire.
   It protects you from cold.
   It affects your resistance to hostile enchantments.
   It causes draining when unequipped.
 V - a +1 spear of distortion
   (You took it off a gnoll sergeant on level 9 of the Dungeon)
Missiles
 K - 3 throwing nets (quivered)
Armour
 o - a +0 plate armour
   (You took it off an orc warrior on level 8 of the Dungeon)
 y - a +2 pair of gloves (worn)
   (You found it on level 2 of the Dungeon)
 G - a +0 kite shield (worn)
 J - a +2 cloak (worn)
   (You found it on level 3 of the Dungeon)
 N - the +8 plate armour of the Iron City of Dis {rElec MR+ Str-5}
   (You found it on level 14 of the Dungeon)

   It affects your strength (-5).
   It insulates you from electricity.
   It affects your resistance to hostile enchantments.
 R - +4 storm dragon scales (worn) {Bai Suzhen}
   (You found it on level 3 of the Snake Pit)
 S - the +0 pair of fencer's gloves {Riposte Dex+3}
   (You found it in a Gauntlet)

   It affects your dexterity (+3).
Jewellery
 b - the ring "Forget-Me-Not" {Dex+4 SInv}
   (You found it on level 7 of the Dungeon)

   [ring of see invisible]

   It affects your dexterity (+4).
   It lets you see invisible.
 c - an uncursed ring of protection from cold
   (You found it on level 12 of the Dungeon)
 i - an uncursed ring of see invisible
   (You found it in a Gauntlet)
 j - a +4 ring of slaying (right hand)
   (You found it on level 10 of the Dungeon)
 k - an uncursed ring of resist corrosion
   (You found it in a Gauntlet)
 v - a +4 ring of evasion (left hand)
   (You found it on level 13 of the Dungeon)
 P - the ring "Ucseupt" {Fire rPois Str+5}
   (You found it on level 3 of the Snake Pit)

   [ring of fire]

   It enhances your fire magic.
   It affects your strength (+5).
   It protects you from fire.
   It makes you vulnerable to cold.
   It protects you from poison.
Wands
 g - a wand of digging (13)
   (You found it on level 1 of the Abyss)
 m - a wand of iceblast (36)
   (You found it on level 8 of the Dungeon)
 H - a wand of acid (9)
   (You found it on level 2 of the Snake Pit)
 M - a wand of enslavement (19)
   (You found it on level 14 of the Dungeon)
 T - a wand of paralysis (10)
   (You found it in a Gauntlet)
Scrolls
 f - a scroll of holy word
 l - 8 scrolls of magic mapping
 r - 3 scrolls of identify
 t - 15 scrolls of teleportation
 u - a scroll of fear
 x - 8 scrolls of remove curse
 z - 2 scrolls of blinking
 A - 6 scrolls of fog
 C - a scroll of immolation
 D - 5 scrolls of enchant armour
 L - a scroll of silence
 O - 4 scrolls of enchant weapon
 U - a scroll of summoning
 W - a scroll of vulnerability
Potions
 a - 3 potions of flight
 d - 3 potions of might
 h - 2 potions of haste
 n - 2 potions of resistance
 p - 5 potions of lignification
 q - 6 potions of curing
 w - 7 potions of heal wounds
 B - a potion of magic
 E - 2 potions of ambrosia
 I - a potion of invisibility
 Q - a potion of mutation
Miscellaneous
 F - a condenser vane (1/2)
   (You found it on level 14 of the Dungeon)


   Skills:
 + Level 15.0 Fighting
 - Level 16.0 Axes
 + Level 18.2 Armour
 - Level 11.0 Dodging
 - Level 10.4 Shields
 - Level 15.0 Invocations
 - Level 10.0 Evocations


You had 16 spell levels left.
You didn't know any spells.
Your spell library was empty.

Dungeon Overview and Level Annotations

Branches:
Dungeon (15/15)            Temple (1/1) D:7            Lair (3/6) D:11
 Shoals (4/4) Lair:3        Snake (4/4) Lair:3          Orc (1/2) D:10
 Vaults (0/5) D:14         Depths (0/5) D:15        Gauntlet (visited)

Altars:
Ashenzari
Cheibriados
Dithmenos
Elyvilon
Fedhas
Gozag
Hepliaklqana
Kikubaaqudgha
Makhleb
Nemelex Xobeh
Qazlal
Ru
Sif Muna
Trog
Uskayaw
Vehumet
Wu Jian
Xom
Yredelemnul
Zin

Shops:
D:4 *   D:5 *   D:8 :   Shoals:2 !   Snake:4 ?!(

Portals:
Ice
Cave: Snake:4

Annotations:
D:8 exclusion: statue


Innate Abilities, Weirdness & Mutations

You are resistant to damage.
You can heal yourself by infusing magical energy.
You resist negative energy. (rN+)
You passively map the area around you.
You do not regenerate.


Message History

You are more poisoned.
* * * LOW HITPOINT WARNING * * *
Your magical essence is drained by the effort!
You feel much better.
You feel very sick.
The guardian serpent coils itself and waves its upper body at you.
The bolt of poison hits you!
You are lethally poisoned!
* * * LOW HITPOINT WARNING * * *
The bolt of poison hits the naga.
The nagaraja hits you with a +0 spear. You block the nagaraja's attack.
The nagaraja spits poison at you. The splash of poison hits you!
You are more poisoned.
* * * LOW HITPOINT WARNING * * *
The nagaraja constricts you. The naga warrior completely misses you.
You block the naga's attack. The nagaraja casts a spell at you.
The lance of force hits you.
You die...

* ,,
*N..##......#..#.#######...
,
#...##.....###.####..####.
,##...##....###........###.
, ,
....§☼##....#.........##.#
...§§.§##..##..........###
, *#.)§[.##..#...........##
,* #§))##.............## ,
* , ##)NN##.............# *
,, ##N@N#......∩....#.. , ,
##SN§°#.........##( , , ,
#)§§§#.........### ** ,* ,,
#...#.##....†.†.# # , * ,
#...##.####......### * ,,
#...###.#####..#####. , , *
.S..#* #....###...##.. ,
,N.N.# #.....#........ , ,
,,...#### #..............


You could see a naga warrior, 3 nagarajas, a guardian serpent and a naga.

Vanquished Creatures
  Bai Suzhen (Snake:3)
  Vashnia (Snake:4)
  Nikola (Shoals:4)
  3 bone dragons
  A kraken (Shoals:3)
  Polyphemus (Shoals:4)
  6 tentacled starspawn
  Frances (Shoals:2)
  6 nagarajas (Snake:4)
  A draconian shifter (Abyss:4)
  A draconian scorcher (Abyss:4)
  Nessos (D:15)
  Azrael (D:12)
  7 dire elephants
  An eidolon (Abyss:3)
  A minotaur (Gauntlet)
  3 merfolk javelineers (Shoals:4)
  2 green deaths
  A yaktaur captain (D:15)
  A rakshasa (Abyss:3)
  4 merfolk impalers
  An ogre mage (D:15)
  6 naga warriors
  2 hydras
  A catoblepas (Shoals:4)
  2 alligator snapping turtles
  A merfolk avatar (Shoals:4)
  2 death knights
  7 anacondas
  3 centaur warriors
  A satyr (Shoals:4)
  2 dancing weapons (D:14)
  9 two-headed ogres
  A queen ant (Lair:2)
  3 merfolk aquamancers (Shoals:4)
  4 death yaks (Shoals:4)
  A tengu warrior (D:15)
  11 naga sharpshooters
  4 shock serpents
  A sixfirhy (Abyss:3)
  A spatial maelstrom (Abyss:4)
  5 skeletal warriors
  2 wretched stars
  2 salamander mystics
  8 sea snakes
  A shadow demon (Abyss:4)
  An unseen horror (D:15)
  3 naga ritualists
  A wolf spider (Lair:1)
  A deep elf mage (D:15)
  12 harpies
  7 mana vipers
  2 ugly things (D:13)
  10 fauns
  2 cyclopes
  6 manticores
  4 salamanders
  A worldbinder (Abyss:3)
  2 elephants (Abyss:4)
  An apocalypse crab (Abyss:3)
  2 merfolk sirens
  17 black mambas
  4 guardian serpents (Snake:4)
  Joseph (D:7)
  5 naga magi
  5 cane toads
  2 water nymphs
  An ice statue (Gauntlet)
  A smoke demon (Abyss:3)
  A torpor snail (Lair:1)
  2 rime drakes (Gauntlet)
  4 large abominations
  4 komodo dragons
  A yaktaur (D:15)
  A freezing wraith (D:11)
  A kobold demonologist (D:14)
  4 efreet
  2 redback zombies
  2 hellwings
  A tengu conjurer (D:15)
  6 trolls
  21 merfolk
  3 ancient zymes
  6 wind drakes
  A tyrant leech (Gauntlet)
  5 blink frogs (Lair:2)
  2 hornets
  5 hippogriffs
  5 slime creatures (D:13)
  Grinder (D:3)
  An alligator zombie (Abyss:4)
  4 raiju
  7 snapping turtles
  A redback (shapeshifter) (D:11)
  3 small abominations
  A flying skull (Abyss:3)
  11 yaks
  A wyvern (D:12)
  2 water elementals (Shoals:4)
  2 wraiths
  2 ynoxinuls (Abyss:3)
  2 basilisks
  6 fire elementals
  Eustachio (D:5)
  A golden eye (Abyss:3)
  A chaos spawn (Abyss:3)
  2 steam dragons
  A neqoxec (Abyss:3)
  5 vampire mosquitoes
  3 swamp worms (Gauntlet)
  2 wargs (D:11)
  47 nagas
  21 soldier ants
  2 water moccasins
  2 porcupines (Lair:1)
  8 orc warriors
  An ice beast (D:13)
  7 sky beasts
  A necrophage (D:10)
  3 phantoms
  An eye of draining (D:15)
  11 centaurs
  3 ogres
  5 crocodiles
  2 big kobolds
  13 bullfrogs
  A gnoll sergeant (D:9)
  3 scorpions
  17 wights
  18 killer bees
  4 howler monkeys
  3 centaur zombies
  A crimson imp (D:6)
  2 quasits
  14 starcursed masses
  10 hounds
  A bullfrog zombie (D:10)
  An iron imp (Abyss:3)
  6 jellies
  5 orc priests
  14 orc wizards
  A bullfrog skeleton (D:9)
  2 centaur skeletons
  8 iguanas
  26 worker ants
  2 hound skeletons
  9 gnolls (D:9)
  23 adders
  2 howler monkey skeletons (D:4)
  2 shadow imps
  3 white imps
  6 ufetubi
  An adder skeleton (D:6)
  An adder zombie (D:5)
  3 leopard geckos
  49 orcs
  A giant cockroach (D:3)
  A goblin (D:3)
  2 hobgoblins
  11 jackals
  5 quokkas
  A bat (D:2)
  4 frilled lizards
  A jackal zombie (D:7)
  13 kobolds
  A leopard gecko skeleton (D:7)
  A quokka zombie (D:8)
  3 rats
  11 starspawn tentacles
  4 tentacles (Shoals:3)
778 creatures vanquished.

Vanquished Creatures (collateral kills)
  2 hydras
  A two-headed ogre (D:12)
  A crocodile (D:13)
4 creatures vanquished.

Vanquished Creatures (others)
  A hippogriff (Shoals:4)
  2 small abominations (Abyss:3)
  27 demonic plants
  9 fungi
  61 plants
  14 starspawn tentacles
  3 tentacles (Shoals:3)
117 creatures vanquished.

Grand Total: 899 creatures vanquished

Notes
Turn   | Place    | Note
-------+----------+-------------------------------------------
     0 | D:1      | Flugslaktarn the Deep Dwarf Fighter began the quest for the
                  | Orb.
     0 | D:1      | Reached XP level 1. HP: 20/20 MP: 1/1
   158 | D:2      | Found a hazy altar of Hepliaklqana.
   168 | D:2      | Reached XP level 2. HP: 25/27 MP: 2/2
   330 | D:3      | Reached XP level 3. HP: 22/34 MP: 3/3
   394 | D:3      | Reached XP level 4. HP: 38/42 MP: 4/4
   468 | D:3      | Noticed Grinder
   479 | D:3      | Paralysed by Grinder for 5 turns
   486 | D:3      | Paralysed by Grinder for 4 turns
   503 | D:3      | Killed Grinder
   503 | D:3      | Reached skill level 4 in Armour
   503 | D:3      | Reached XP level 5. HP: 42/50 MP: 5/5
   503 | D:3      | Reached XP level 6. HP: 48/57 MP: 6/6
   508 | D:3      | You fall into a shaft and drop 2 floors!
   508 | D:5      | Entered Level 5 of the Dungeon
   520 | D:5      | Found Ytenopam's Assorted Antiques.
   545 | D:5      | Bought a scroll labeled QAAGAI OXZO for 30 gold pieces
   618 | D:5      | Found a stormy altar of Qazlal.
   712 | D:5      | Noticed an orc warrior
   733 | D:5      | HP: 1/57 [orc warrior/+0 war axe (13)]
   737 | D:5      | Killed an orc warrior
   863 | D:5      | Noticed Eustachio
   880 | D:5      | Killed Eustachio
   880 | D:5      | Reached skill level 5 in Axes
   880 | D:5      | Reached XP level 7. HP: 58/66 MP: 6/6
   951 | D:5      | Reached skill level 5 in Fighting
  1025 | D:4      | Found a shimmering altar of Xom.
  1031 | D:4      | Reached skill level 5 in Shields
  1095 | D:4      | Found Zin's Purification Station.
  1107 | D:4      | Found a glowing silver altar of Zin.
  1186 | D:4      | Reached skill level 5 in Armour
  1298 | D:4      | Reached XP level 8. HP: 66/75 MP: 7/7
  1687 | D:4      | Found a hide-covered altar of Uskayaw.
  1806 | D:4      | Found a broken altar of Ashenzari.
  1807 | D:4      | Found an ancient bone altar of Kikubaaqudgha.
  2573 | D:6      | Found a burning altar of Makhleb.
  2588 | D:6      | Became a worshipper of Makhleb the Destroyer
  2635 | D:6      | Found a shimmering altar of Xom.
  2635 | D:6      | Found a shimmering altar of Xom.
  2676 | D:6      | Reached skill level 1 in Invocations
  2682 | D:6      | Found a shimmering altar of Xom.
  2682 | D:6      | Found a shimmering altar of Xom.
  2683 | D:6      | Found a shimmering altar of Xom.
  2683 | D:6      | Found a shimmering altar of Xom.
  2707 | D:6      | Found a basalt altar of Yredelemnul.
  2767 | D:6      | Found a shimmering altar of Xom.
  2972 | D:7      | Got a clouded iron ring
  2974 | D:7      | Identified the ring "Forget-Me-Not" {Dex+4 SInv} (You found
                  | it on level 7 of the Dungeon)
  3074 | D:7      | Found a staircase to the Ecumenical Temple.
  3087 | Temple   | Entered the Ecumenical Temple
  3247 | D:7      | Reached skill level 6 in Armour
  3276 | D:7      | Gained mutation: You passively map the area around you.
                  | [Deep Dwarf growth]
  3276 | D:7      | Reached XP level 9. HP: 82/85 MP: 9/9
  3400 | D:7      | Reached * piety under Makhleb
  3406 | D:7      | Paralysed by a hornet for 2 turns
  3409 | D:7      | Paralysed by a hornet for 2 turns
  3413 | D:7      | Paralysed by a hornet for 2 turns
  3427 | D:7      | Paralysed by a hornet for 3 turns
  3639 | D:7      | Noticed Joseph
  3692 | D:7      | Killed Joseph
  4073 | D:8      | Found Sutionasm's Book Emporium.
  4245 | D:8      | Found a radiant altar of Vehumet.
  4483 | D:9      | Reached skill level 7 in Armour
  4515 | D:9      | Reached ** piety under Makhleb
  4580 | D:9      | Noticed a two-headed ogre
  4612 | D:9      | Killed a two-headed ogre
  4612 | D:9      | Reached XP level 10. HP: 87/96 MP: 8/8
  4642 | D:9      | Reached skill level 5 in Invocations
  4836 | D:9      | Cast into level 1 of the Abyss (gnoll sergeant)
  4859 | Abyss:1  | Noticed a wretched star
  4877 | Abyss:1  | Killed a wretched star
  4878 | Abyss:1  | Noticed a large abomination
  4884 | Abyss:1  | Killed a large abomination
  4899 | D:9      | Escaped the Abyss
  4901 | D:9      | Reached skill level 10 in Axes
  5004 | D:9      | Found a sparkling altar of Nemelex Xobeh.
  5233 | D:9      | Got a bone war axe
  5234 | D:9      | Identified the +11 war axe of Articulation {drain, *Drain
                  | rF+ rC+ MR+} (You found it on level 9 of the Dungeon)
  5413 | D:10     | Entered Level 10 of the Dungeon
  5413 | D:10     | Found a staircase to the Orcish Mines.
  5646 | D:10     | Reached *** piety under Makhleb
  5716 | D:10     | Reached skill level 8 in Armour
  5889 | D:10     | Reached XP level 11. HP: 106/106 MP: 10/10
  6051 | D:11     | Noticed a death knight
  6051 | D:11     | Noticed a skeletal warrior
  6051 | D:11     | Noticed a skeletal warrior
  6063 | D:11     | Killed a skeletal warrior
  6076 | D:11     | Killed a skeletal warrior
  6087 | D:11     | Killed a death knight
  6154 | D:11     | Found a staircase to the Lair.
  6291 | D:11     | Noticed a seven-headed hydra
  6305 | D:11     | Killed an 18-headed hydra
  6340 | D:11     | Reached **** piety under Makhleb
  6697 | D:12     | Noticed a death knight
  6715 | D:12     | Reached skill level 10 in Fighting
  6718 | D:12     | Killed a death knight
  6718 | D:12     | Reached skill level 9 in Armour
  6756 | D:12     | Noticed Azrael
  6782 | D:12     | Killed Azrael
  6782 | D:12     | Reached XP level 12. HP: 67/116 MP: 12/12
  6817 | D:12     | Noticed an eight-headed hydra
  6818 | D:12     | Noticed a two-headed ogre
  6842 | D:12     | Killed a 12-headed hydra
  6848 | D:12     | Killed a two-headed ogre
  7477 | D:13     | Noticed a four-headed hydra
  7491 | D:13     | Killed a seven-headed hydra
  7885 | D:14     | Noticed a two-headed ogre
  7885 | D:14     | Noticed a two-headed ogre
  7894 | D:14     | Killed a two-headed ogre
  7896 | D:14     | Killed a two-headed ogre
  7931 | D:14     | Reached skill level 10 in Armour
  7950 | D:14     | Noticed a centaur warrior
  7954 | D:14     | Killed a centaur warrior
  7954 | D:14     | Reached skill level 10 in Shields
  8185 | D:14     | Found a gate to the Vaults.
  8190 | D:14     | Reached skill level 1 in Evocations
  8190 | D:14     | Reached XP level 13. HP: 117/127 MP: 12/12
  8320 | D:14     | Got a jade-encrusted plate armour
  8331 | D:14     | Identified the +8 plate armour of the Iron City of Dis
                  | {rElec MR+ Str-5} (You found it on level 14 of the Dungeon)
  8640 | D:15     | Entered Level 15 of the Dungeon
  8658 | D:15     | Reached skill level 10 in Invocations
  8731 | D:15     | Found a gate leading to a gauntlet.
  8766 | Gauntlet | Entered a Gauntlet
  8766 | Gauntlet | Found a transporter.
  8775 | Gauntlet | Found a transporter.
  8784 | Gauntlet | Found the +10 dark maul {vorpal}
  8790 | Gauntlet | Found a transporter.
  8795 | Gauntlet | Found a transporter.
  8810 | Gauntlet | Found a transporter.
  8829 | Gauntlet | Found a transporter.
  8841 | Gauntlet | Found a transporter.
  8853 | Gauntlet | Found a transporter.
  8859 | Gauntlet | Found a transporter.
  8859 | Gauntlet | Found a transporter.
  8874 | Gauntlet | Found a transporter.
  8875 | Gauntlet | Found the +0 pair of fencer's gloves {Riposte Dex+3}
  8889 | Gauntlet | Found a transporter.
  8903 | Gauntlet | Found a transporter.
  8921 | Gauntlet | Found a transporter.
  8923 | Gauntlet | Found a transporter.
  8950 | Gauntlet | Found a transporter.
  8950 | Gauntlet | Found a transporter.
  9151 | Gauntlet | Noticed a minotaur
  9165 | Gauntlet | Killed a minotaur
  9172 | Gauntlet | Identified the Handbook of the Eleven Spirits
  9283 | D:15     | Reached skill level 1 in Dodging
  9470 | D:15     | Found a shadowy altar of Dithmenos.
  9552 | D:15     | Found a shadowy altar of Dithmenos.
  9767 | D:15     | Noticed Nessos
  9778 | D:15     | Killed Nessos
 10007 | D:15     | Reached ***** piety under Makhleb
 10103 | D:15     | Found a staircase to the Depths.
 10300 | Orc:1    | Entered Level 1 of the Orcish Mines
 10388 | Lair:1   | Entered Level 1 of the Lair of Beasts
 10532 | Lair:1   | Paralysed by a hornet for 2 turns
 10537 | Lair:1   | Reached skill level 5 in Evocations
 10552 | Lair:1   | Reached skill level 11 in Armour
 10552 | Lair:1   | Gained mutation: You resist negative energy. (rN+) [Deep
                  | Dwarf growth]
 10552 | Lair:1   | Reached XP level 14. HP: 136/136 MP: 14/14
 10791 | Lair:1   | Identified the Collected Works on Dusty Ignition
 10906 | Lair:2   | Reached skill level 5 in Dodging
 11622 | Lair:3   | Found a staircase to the Snake Pit.
 11714 | Lair:3   | Found a staircase to the Shoals.
 11727 | Shoals:1 | Entered Level 1 of the Shoals
 11832 | Shoals:2 | Cast into level 3 of the Abyss (faun)
 11883 | Abyss:3  | Reached ****** piety under Makhleb
 11932 | Abyss:3  | Noticed a tentacled starspawn
 11949 | Abyss:3  | Killed a tentacled starspawn
 11987 | Abyss:3  | Noticed a bone dragon
 11988 | Abyss:3  | Noticed a starcursed mass
 12009 | Abyss:3  | Paralysed by accursed screaming for 2 turns
 12015 | Abyss:3  | Paralysed by accursed screaming for 1 turns
 12025 | Abyss:3  | Killed a bone dragon
 12025 | Abyss:3  | Reached skill level 15 in Axes
 12034 | Abyss:3  | Noticed a tentacled starspawn
 12046 | Abyss:3  | Killed a tentacled starspawn
 12092 | Abyss:3  | Noticed a bone dragon
 12099 | Abyss:3  | Noticed a tentacled starspawn
 12115 | Abyss:3  | Killed a tentacled starspawn
 12159 | Abyss:3  | Killed a bone dragon
 12159 | Abyss:3  | Reached XP level 15. HP: 106/146 MP: 12/12
 12186 | Abyss:4  | Noticed a bone dragon
 12210 | Abyss:4  | Killed a bone dragon
 12271 | Abyss:4  | Noticed a tentacled starspawn
 12288 | Abyss:4  | Killed a tentacled starspawn
 12320 | Abyss:4  | Noticed a tentacled starspawn
 12323 | Abyss:4  | Noticed a tentacled starspawn
 12326 | Abyss:4  | Noticed a tentacled starspawn
 12334 | Abyss:4  | Killed a tentacled starspawn
 12334 | Abyss:4  | Reached skill level 12 in Armour
 12338 | Abyss:4  | Killed a tentacled starspawn
 12339 | Abyss:4  | Paralysed by you for 3 turns
 12340 | Abyss:4  | Noticed a tentacled starspawn
 12361 | Abyss:4  | Noticed a hellephant
 12396 | Abyss:4  | Noticed a yellow draconian scorcher
 12409 | Abyss:4  | Killed a yellow draconian scorcher
 12464 | Abyss:4  | Found a corrupted altar of Lugonu.
 12464 | Abyss:4  | Noticed a hellephant
 12495 | Abyss:4  | Got an abyssal rune of Zot
 12504 | Shoals:2 | Escaped the Abyss
 12606 | Shoals:2 | Noticed Frances
 12625 | Shoals:2 | Killed Frances
 12654 | Shoals:2 | Found Fingiy's Distillery.
 12673 | Shoals:2 | Identified a scroll of acquirement
 12688 | Shoals:2 | Acquired a manual of Armour
 12700 | Shoals:2 | Bought a potion of haste for 130 gold pieces
 12700 | Shoals:2 | Bought a potion of resistance for 130 gold pieces
 12700 | Shoals:2 | Bought a potion of might for 52 gold pieces
 12733 | Shoals:3 | Noticed a kraken
 12751 | Shoals:3 | Killed a kraken
 12770 | Shoals:3 | Reached skill level 10 in Dodging
 12930 | Shoals:4 | Entered Level 4 of the Shoals
 12973 | Shoals:4 | Reached XP level 16. HP: 132/154 MP: 11/11
 13328 | Shoals:4 | Reached skill level 13 in Armour
 13370 | Shoals:4 | Noticed Polyphemus
 13384 | Shoals:4 | Killed Polyphemus
 13390 | Shoals:4 | Reached skill level 10 in Evocations
 13456 | Shoals:4 | Got a barnacled rune of Zot
 13520 | Shoals:4 | Noticed Nikola
 13546 | Shoals:4 | Reached skill level 14 in Armour
 13557 | Shoals:4 | Killed Nikola
 13742 | Snake:1  | Entered Level 1 of the Snake Pit
 13985 | Snake:3  | Reached skill level 15 in Armour
 14131 | Snake:3  | Got a crude lead ring
 14237 | Snake:3  | Noticed Bai Suzhen
 14294 | Snake:3  | Killed Bai Suzhen
 14443 | Snake:3  | Reached XP level 17. HP: 147/165 MP: 13/13
 14449 | Snake:3  | Reached skill level 15 in Invocations
 14489 | Snake:4  | Entered Level 4 of the Snake Pit
 14678 | Snake:4  | Found Xouquj's Antique Weapon Emporium.
 14725 | Snake:4  | Found Asik's Magic Scroll Boutique.
 14733 | Snake:4  | Bought a scroll of enchant armour for 135 gold pieces
 14733 | Snake:4  | Bought a scroll of enchant weapon for 135 gold pieces
 14859 | Snake:4  | Reached skill level 16 in Armour
 14889 | Snake:4  | Identified the ring "Ucseupt" {Fire rPois Str+5} (You found
                  | it on level 3 of the Snake Pit)
 14905 | Snake:4  | Found a frozen archway.
 14990 | Snake:4  | Found Fum Ciu's Distillery.
 15135 | Snake:4  | Noticed Vashnia
 15180 | Snake:4  | Reached skill level 17 in Armour
 15180 | Snake:4  | Killed Vashnia
 15210 | Snake:4  | Reached skill level 15 in Fighting
 15210 | Snake:4  | Reached skill level 18 in Armour
 15233 | Snake:4  | HP: 8/170 [nagaraja/poison arrow (18)]
 15234 | Snake:4  | HP: 2/170 [nagaraja/splash of poison (2)]
 15234 | Snake:4  | Killed from afar by a nagaraja

Illustrated notes

Levels and vault maps discovered:
D:1:      mrwooster_arrival_arrow, layout_basic
D:2:      layout_basic, lemuel_crystal_altar,
          chequers_ecumenical_altar_simple_redux, uniq_terence
D:3:      layout_rooms, grunt_temple_overflow_open, cheibrodos_sewer_entry_bend,
          uniq_crazy_yiuf_cottage, uniq_grinder, uniq_natasha, uniq_sigmund
D:4:      layout_cave_pods, xom_butterflies, lemuel_crystal_altar, zin_purify,
          nicolae_overflow_hidden_temple
D:5:      layout_loops_corners, old_standard_altar, serial_shops,
          nicolae_shop_stone, uniq_eustachio
D:6:      layout_loops_ring, makhleb_grotto_becter, yredelemnul_altar_generic,
          nicolae_xom_altar_mimics
D:7:      layout_loops_ring, minmay_temple_entry_gardened_gates, uniq_joseph
D:8:      layout_basic, vehumet_statue, serial_shops, nicolae_shop_waterfront
D:9:      layout_roguey, lemuel_coloured_pillars_altar
D:10:     layout_basic, orc_0_dummy
D:11:     layout_irregular_city, erik_lair_orcish_takeover,
          chequers_serial_rivers_micro_c
D:12:     layout_rooms, serial_shops, bzr_firewalk, uniq_azrael
D:13:     layout_roguey, feat_on_display
D:14:     layout_roguey, erik_vaults_1, minmay_door_square,
          hangedman_abyss_or_decor_slice
D:15:     grunt_enter_depths_snipers, layout_basic, gauntlet_entry_generic,
          basic_altar, serial_park_tiny_1, grunt_dithmenos_smoke, uniq_nessos
Temple:   nicolae_temple_figure_zero
Lair:1:   minmay_lair_venomous_thicket, layout_gridlike, kennysheep_snail_temple
Lair:2:   layout_cave_pods, minivault_29, grunt_megastairs_2
Lair:3:   layout_concentric_octagons, minmay_shoals_entry_hut,
          dummy_snake_entry, grunt_megastairs_3
Shoals:1: layout_shoals, nicolae_shoals_flooded_hall, uniq_donald
Shoals:2: layout_shoals, serial_shops, nicolae_shop_crystal,
          nicolae_shoals_circle_sea_wall, abandoned_shop, uniq_frances
Shoals:3: layout_shoals, ldierk_geyser
Shoals:4: shoals_end_hangedman, layout_shoals, uniq_nikola, uniq_polyphemus
Snake:1:  layout_grid_maze, st_stairs_11, minmay_shoptagon, lemuel_fruit_tree
Snake:2:  layout_misc_corridors
Snake:3:  layout_layer_cave, serial_bayou_pond_d, uniq_bai_suzhen
Snake:4:  johnstein_snake_rune_scales, layout_chambers,
          portal_ice_cave_entry_pillars_three, serial_shops, shop, shop_coins,
          shop_scrolls, minmay_shop_grove
Orc:1:    layout_diamond_mine

Skill      XL: |  1  2  3  4  5  6  7  8  9 10 11 12 13 14 15 16 17 |
---------------+----------------------------------------------------+-----
Fighting       | 3 4 5 6 8 9 10 11 12 13 15 | 15.0
Axes           | 3 4 5 6 7 9 10 11 13 14 15 16 | 16.0
Armour         | 4 5 6 7 8 9 10 11 12 15 18 | 18.2
Shields        | 4 5 6 7 8 9 10 | 10.4
Invocations    | 2 4 6 8 9 10 11 12 14 15 | 15.0
Evocations     | 1 5 7 9 10 | 10.0
Dodging        | 4 7 10 11 | 11.0

Action                   |  1- 3 |  4- 6 |  7- 9 | 10-12 | 13-15 | 16-18 || total
-------------------------+-------+-------+-------+-------+-------+-------++-------
Melee: War axe           |    74 |    96 |   628 |   527 |   974 |   623 ||  2922
Invok: Lesser Servant of |       |       |       |     6 |       |       ||     6
 Abil: Heal Wounds       |     1 |     4 |    19 |    19 |    24 |     4 ||    71
Evoke: Wand              |       |       |       |     3 |       |       ||     3
       Condenser vane    |       |       |       |       |     2 |     4 ||     6
  Use: Scroll            |       |     6 |    10 |     1 |    17 |     3 ||    37
       Potion            |       |       |     1 |     2 |     4 |     2 ||     9
Armor: Scale mail        |    37 |    37 |       |       |       |       ||    74
       Chain mail        |       |    21 |   379 |       |       |       ||   400
       Plate armour      |       |       |    17 |   401 |   725 |   329 ||  1472
       Storm dragon scal |       |       |       |       |       |    78 ||    78
Dodge: Dodged            |    20 |    36 |   154 |   106 |   358 |   367 ||  1041
Block: Kite shield       |    56 |    52 |   432 |   354 |   614 |   436 ||  1944

Table legend: (Time is in decaauts)
 A = Elapsed time spent in this place.
 B = Non-inter-level travel time spent in this place.
 C = Inter-level travel time spent in this place.
 D = Time resting spent in this place.
 E = Time spent auto-exploring this place.
 F = Levels seen in this place.
 G = Mean time per level.
                   A        B        C        D        E       F      G
               +--------+--------+--------+--------+--------+-----+--------+
         Total |  15179 |  13987 |   1192 |     14 |   9117 |  33 |  460.0 |
       Dungeon |   9965 |   9082 |    883 |      0 |   6408 |  15 |  664.3 |
        Temple |    117 |    108 |      9 |      0 |    107 |   1 |  117.0 |
          Lair |   1337 |   1254 |     83 |      0 |    951 |   3 |  445.7 |
        Shoals |   1297 |   1141 |    156 |     14 |    385 |   4 |  324.2 |
     Snake Pit |   1402 |   1341 |     61 |      0 |    913 |   4 |  350.5 |
  Orcish Mines |      1 |      1 |      0 |      0 |      0 |   1 |    1.0 |
         Abyss |    655 |    655 |      0 |      0 |    167 |   4 |  163.8 |
      Gauntlet |    401 |    401 |      0 |      0 |    184 |   1 |  401.0 |
               +--------+--------+--------+--------+--------+-----+--------+

Top non-repeatable levels by time:
    D:15: 1079 daAuts
     D:5: 905 daAuts
     D:9: 880 daAuts
     D:4: 864 daAuts
  Lair:2: 798 daAuts
     D:6: 784 daAuts
     D:7: 778 daAuts
    D:14: 775 daAuts
    D:11: 758 daAuts
    D:13: 735 daAuts
 Snake:4: 699 daAuts
     D:8: 679 daAuts
    D:10: 674 daAuts
Shoals:4: 672 daAuts
 Snake:3: 504 daAuts
